 Dungeon Crawl Stone Soup version 0.17-a0-1748-g222fba8 (webtiles) character file.

258529 Gorice the Bewitcher (level 19, -4/108 HPs)
             Began as a Spriggan Wanderer on Aug 29, 2015.
             Was the Champion of Sif Muna.
             Slain by a vault warden
             ... wielding a +2 broad axe of electrocution
              (37 damage)
             ... on level 3 of the Vaults on Sept 1, 2015.
             The game lasted 08:46:16 (63055 turns).

Gorice the Bewitcher (Spriggan Wanderer)           Turns: 63055, Time: 08:46:16

Health: -4/108     AC: 18    Str:  7    XL:     19   Next: 50%
Magic:  7/41       EV: 30    Int: 21    God:    Sif Muna [******]
Gold:   1665       SH:  0    Dex: 16    Spells: 14 memorised, 6 levels left

rFire  + . .     SeeInvis +     a - +5 lajatang (drain)
rCold  + . .     Clarity  .     P - +2 robe {rC+ rF+}
rNeg   . . .     SustAt   .     (shield restricted)
rPois  .         Gourm    .     L - +2 hat
rElec  .         Spirit   .     V - +2 cloak {+Inv}
rCorr  .         Warding  .     (gloves unavailable)
rMut   .         Stasis   .     (boots unavailable)
MR     ++++.                    d - amulet of regeneration
Stlth  ++++......               C - +5 ring of protection
                                E - ring of protection from magic

@: repel missiles, very quick, incredibly resistant to hostile enchantments,
stealthy
A: unfitting armour, rough black scales 1, see invisible, herbivore 3, speed 3,
slow metabolism 2
a: Channel Energy, Forget Spell, Renounce Religion, Evoke Invisibility
}: 1/15 runes: gossamer


You were on level 3 of the Vaults.
You worshipped Sif Muna.
Sif Muna was exalted by your worship.
You were hungry.

You visited 7 branches of the dungeon, and saw 38 of its levels.
You also visited: Labyrinth, Bailey, Ice Cave and Volcano.

You collected 4584 gold pieces.
You spent 2919 gold pieces at shops.

Inventory:

Hand weapons
 a - a +5 lajatang of draining (weapon)
   (You acquired it on level 1 of the Lair of Beasts)
 b - the +6 blowgun "Icraene" {evade, MP+9 Stlth+}
   (You found it on level 10 of the Dungeon)

   It affects your evasion (+5 to EV).
   It affects your magic capacity (+9).
   It makes you more stealthy.
 f - a +3 quarterstaff of freezing
   (You took it off Crazy Yiuf on level 5 of the Dungeon)
Missiles
 l - 15 poisoned needles
 v - 5 curare-tipped needles
 M - 95 tomahawks (quivered)
 Y - 4 throwing nets
Armour
 L - a +2 hat (worn)
 P - a +2 robe of resistance (worn)
   (You bought it in a shop on level 8 of the Dungeon)
 V - a +2 cloak of invisibility (worn)
   (You found it in a bailey)
Rods
 F - a +0 rod of the swarm (4/14) {!a}
   (You took it off a hill giant on level 12 of the Dungeon)
Jewellery
 d - an amulet of regeneration (around neck)
 m - an uncursed ring of poison resistance
 n - an uncursed ring of protection from cold
 x - an uncursed ring of positive energy
 y - the ring of Crawling {rElec Str+3}
   (You found it on level 4 of the Dungeon)

   [ring of strength]

   It affects your strength (+3).
   It insulates you from electricity.
 C - a +5 ring of protection (right hand)
 D - an uncursed ring of sustain attributes
 E - a ring of protection from magic (left hand)
 K - an uncursed ring of positive energy
 S - an uncursed ring of teleportation
Magical devices
 c - a wand of fireball (10)
 e - a wand of disintegration (10)
 i - a wand of teleportation (6) {!d}
 j - a wand of cold (5)
 s - a wand of digging (6)
Scrolls
 k - 5 scrolls of remove curse
 t - 3 scrolls of fog
 G - 4 scrolls of blinking
 J - 5 scrolls of fear {!r}
 N - 5 scrolls of teleportation {!r}
 U - 10 scrolls of identify
Potions
 g - 24 potions of curing
 o - a potion of heal wounds {!q}
 q - 3 potions of cancellation {!q}
 r - 2 potions of invisibility {!q}
 u - 5 potions of agility {!q}
 w - 3 potions of resistance {!q}
 I - 2 potions of might {!q}
 Q - 4 potions of haste {!q}
Miscellaneous
 p - a lamp of fire
 X - a phial of floods
Comestibles
 h - 12 bread rations {!e}
 R - 36 fruits


   Skills:
 - Level 15.0 Fighting
   Level 1.0 Long Blades
 - Level 14.0 Staves
 - Level 15.0 Dodging
 - Level 5.8 Stealth
 - Level 1.0 Unarmed Combat
 + Level 17.8 Spellcasting
 + Level 20.8 Hexes
 - Level 5.0 Charms
 + Level 7.0 Translocations
 - Level 2.6 Evocations


You had 6 spell levels left.
You knew the following spells:

 Your Spells              Type           Power        Failure   Level  Hunger
a - Ensorcelled Hibernat  Hex/Ice        ######       1%          2    None
b - Confuse               Hex            #######.     0%          3    None
c - Cause Fear            Hex            #######...   0%          4    None
d - Tukima's Dance        Hex            #######.     0%          3    None
e - Spectral Weapon       Hex/Chrm       ######..     1%          3    None
f - Conjure Flame         Conj/Fire      ###.....     12%         3    None
g - Silence               Hex/Air        ######....   1%          5    ##.....
h - Darkness              Hex            #######...   1%          6    ####...
B - Summon Butterflies    Summ           ###.....     3%          1    None
H - Haste                 Chrm           #####...     71%         6    ####...
J - Blink                 Tloc           N/A          1%          2    None
M - Repel Missiles        Chrm/Air       ####..       1%          2    None
P - Phase Shift           Tloc           #####.....   6%          5    ##.....
V - Cure Poison           Pois           ###.......   6%          2    None


Dungeon Overview and Level Annotations

Branches:
Dungeon (15/15)            Temple (1/1) D:6            Lair (8/8) D:10
 Shoals (3/4) Lair:5       Spider (4/4) Lair:5        Slime (0/6) Lair:6
    Orc (4/4) D:12            Elf (0/3) Orc:4        Vaults (3/5) D:13
 Depths (0/5) D:15
  Crypt: Vaults:2-3

Altars:
Ashenzari
Cheibriados
Dithmenos
Elyvilon
Fedhas
Gozag
Kikubaaqudgha
Makhleb
Nemelex Xobeh
Okawaru
Qazlal
Ru
Sif Muna
Trog
Vehumet
Xom
Yredelemnul
Zin
The Shining One

Shops:
D:4 :[(([   D:8 %[:   Orc:4 [%}*   Vaults:1 (   Vaults:2 :

Portals:
Pandemonium: Orc:4

Annotations:
D:15 exclusion: 4 doors
Shoals:3 exclusion: octopode crusher
Vaults:2 Alipheese's ghost, mighty NaTm


Innate Abilities, Weirdness & Mutations

You are tiny and cannot use many weapons and most armour.
You have supernaturally acute eyesight.
You are a herbivore.
You cover ground extremely quickly.
You need consume almost no food.
You are partially covered in rough black scales (AC +4, Dex -1).


Message History

a - a +5 lajatang of draining (weapon)
Your spider bites the vault warden but does no damage.
The vault warden hits you with a broad axe of electrocution!
* * * LOW HITPOINT WARNING * * *
You are electrocuted!
* * * LOW HITPOINT WARNING * * *
The vault warden hits your spider with a broad axe of electrocution.
Your killer bee stings the yaktaur but does no damage.
The yaktaur shoots a bolt.
The bolt misses you.
The yaktaur shoots a bolt of frost.
The bolt of frost misses your killer bee.
The bolt of frost hits the yaktaur!!
The bolt of frost freezes the yaktaur.
Damage: 28 (max 28) Drink which item? (? for menu, Esc to quit)
Really quaff
o - 2 potions of heal wounds {!q}?
You feel much better.
Your killer bee stings the yaktaur.
The yaktaur is poisoned.
Your killer bee poisons the yaktaur!
Your spider bites the vault warden!
The yaktaur shoots a bolt.
The bolt hits your spider!! The bolt burns your spider.
Your spider dies!
Your spider's corpse disappears in a puff of smoke!
Your killer bee stings the yaktaur!
The yaktaur hits the yaktaur!!
The yaktaur captain unwields an uncursed enchanted arbalest.
The yaktaur captain misses your killer bee.
Unknown command.
Casting: Spectral Weapon
Confirm with . or Enter, or press ? or * to list all spells.
The yaktaur looks frightened! x4
The yaktaur resists with almost no effort.
The vault warden resists with almost no effort.
The yaktaur looks frightened!
The yaktaur resists with some effort.
The yaktaur looks frightened!
The yaktaur captain looks frightened!
The yaktaur looks frightened! x3
Your killer bee stings the yaktaur.
The yaktaur dies!
The yaktaur unwields an uncursed arbalest.
The yaktaur misses your killer bee.
Your killer bee stings the vault warden.
The vault warden is poisoned.
Your killer bee poisons the vault warden!
The yaktaur unwields an uncursed arbalest.
The yaktaur hits your killer bee!
Your killer bee dies!
Your killer bee's corpse disappears in a puff of smoke!
Casting: Cause Fear
Confirm with . or Enter, or press ? or * to list all spells.
You feel protected from missiles.
Cornered, the yaktaur turns to fight!
The yaktaur completely misses the yaktaur.
The vault warden hits you with a broad axe of electrocution!!!
You die...

#).)..(+(..#..#
#(.....#c.#...#
#.(<...#..#...#
+..).).#...#cc#
#.((...#..c#)c##
########..#ccc.#
#..#cc()#
#..(#.(p#
#.(c.#ยง@#
#######+#


You could see a vault warden, a yaktaur captain (fleeing) and 9 yaktaurs.

Vanquished Creatures
  A tengu reaver (Vaults:2)
  A sphinx (D:15)
  Donald (Orc:3)
  Maud (Orc:3)
  5 vault wardens
  4 ghost moths
  4 emperor scorpions
  A frost giant (Vaults:2)
  Aizul (Spider:2)
  A fire giant (D:15)
  7 ironheart preservers
  2 salamander stormcallers
  A deep elf demonologist (Vaults:2)
  A vampire knight (D:15)
  A deep elf annihilator (D:15)
  The ghost of PeterLawrence the Warrior, a powerful MiFi of Okawaru (D:13)
  A merfolk javelineer (Shoals:1)
  A minotaur (Lab)
  5 vault guards (D:13)
  An ettin (D:15)
  4 merfolk impalers
  A deep elf death mage (Vaults:1)
  A fire dragon (D:15)
  2 blizzard demons (IceCv)
  5 yaktaur captains
  3 entropy weavers
  An ice dragon (D:15)
  2 rakshasas (Vaults:2)
  10 hydras
  6 great orbs of eyes
  4 catoblepae
  A merfolk avatar (Shoals:2)
  9 centaur warriors
  7 ogre magi
  13 death yaks
  A queen ant (Lair:2)
  2 tengu warriors (D:15)
  4 orc high priests (Orc:4)
  A deep troll earth mage (Vaults:1)
  Urug (Lair:1)
  Sonja (Orc:4)
  Nergalle (D:12)
  A fire crab (Lair:8)
  4 skeletal warriors
  5 ice devils (IceCv)
  2 shadow wraiths (Vaults:2)
  9 sea snakes
  13 orc knights
  A phantasmal warrior (Vaults:1)
  10 ironbrand convokers
  An ice statue (IceCv)
  8 deep trolls
  5 unseen horrors
  A gelid demonspawn (Orc:4)
  18 hill giants
  4 harpies
  2 wolf spider zombies
  3 torturous demonspawn (Orc:4)
  10 griffons
  10 orc sorcerers
  A wizard (Vaults:2)
  A deep elf conjurer (D:14)
  32 ugly things
  A necromancer (Vaults:1)
  A guardian serpent (shapeshifter) (Vaults:1)
  2 moths of wrath (shapeshifter)
  2 water nymphs (Shoals:2)
  10 hornets
  14 orb spiders
  7 fauns
  3 manticores
  41 wolf spiders
  5 black mambas
  15 cyclopes
  A hornet (shapeshifter) (Vaults:2)
  7 sirens
  An octopode (shapeshifter) (Vaults:1)
  2 moths of wrath
  8 vault sentinels
  10 spiny frogs
  2 centaur zombies (D:15)
  A molten gargoyle (Volcano)
  15 elephants
  2 torpor snails
  3 gargoyles
  3 kobold demonologists
  7 komodo dragons
  An efreet (D:15)
  4 fire drakes
  15 yaktaurs
  A tengu conjurer (D:13)
  5 anaconda simulacra (IceCv)
  3 deep elf priests
  A blink frog (shapeshifter) (D:15)
  A hellwing (Orc:4)
  28 jumping spiders
  A red devil (Orc:4)
  2 blue devils
  A wind drake (Shoals:2)
  9 demonic crawlers
  7 trolls
  A polar bear (Lair:7)
  11 two-headed ogres
  4 freezing wraiths (IceCv)
  A golden dragon simulacrum (IceCv)
  14 merfolk
  3 centaur simulacra
  29 blink frogs
  23 slime creatures
  2 snapping turtles
  23 trapdoor spiders
  4 boulder beetles
  16 tarantellas
  38 yaks
  A water elemental (Shoals:2)
  37 redbacks
  A hog (D:7)
  4 deep elf magi
  2 basilisks
  A golden eye (shapeshifter) (Vaults:2)
  2 humans
  2 chaos spawn (Orc:4)
  A wyvern (D:9)
  A fire elemental (Volcano)
  9 deep elf fighters
  A human (shapeshifter) (Vaults:2)
  2 dire elephant simulacra (IceCv)
  2 harpy simulacra (IceCv)
  4 mottled dragons
  2 wraiths
  14 hippogriffs
  2 wargs
  22 water moccasins
  7 soldier ants
  5 iron troll simulacra (IceCv)
  8 vampire mosquitoes
  22 wolves
  2 hydra simulacra (IceCv)
  17 spiders
  3 sky beasts
  An eye of draining (D:15)
  7 ice beasts
  12 porcupines
  23 ogres
  48 orc warriors
  2 wasps
  22 centaurs
  2 black bears
  A phantom (D:15)
  2 ettin simulacra (IceCv)
  3 necrophages
  11 crocodiles
  A wyvern zombie (D:8)
  6 big kobolds
  24 giant frogs
  An earth elemental (Volcano)
  4 scorpions
  11 killer bees
  2 quasits
  2 electric eels
  10 wights
  5 jellies
  2 lava snakes (Lair:1)
  10 crimson imps
  2 human zombies (D:14)
  6 hounds
  3 spriggan simulacra (IceCv)
  Crazy Yiuf (D:5)
  Ijyb (D:3)
  A gnoll shaman (D:8)
  25 orc wizards
  A human skeleton (D:14)
  12 iguanas
  A draconian simulacrum (IceCv)
  7 centaur skeletons
  4 giant frog skeletons
  37 orc priests
  Terence (D:3)
  29 worker ants
  A boulder beetle simulacrum (Vaults:1)
  4 troll simulacra (IceCv)
  A wolf simulacrum (IceCv)
  10 sheep
  3 mummies (D:14)
  A hound zombie (D:7)
  5 hound skeletons
  9 gnolls
  6 adders
  5 ogre simulacra (IceCv)
  35 river rats
  A naga simulacrum (IceCv)
  6 shadow imps
  6 white imps
  5 ufetubi (IceCv)
  An adder skeleton (D:9)
  2 worms
  205 orcs
  7 bats
  5 giant cockroaches
  5 goblins
  4 hobgoblins
  10 jackals
  8 quokkas
  A ball python (D:3)
  9 giant geckos
  2 giant gecko skeletons
  3 giant newts
  25 kobolds
  An orc zombie (D:14)
  7 rats
  A fire vortex (Volcano)
  2 fungi
  4 plants
  A spectral weapon (Vaults:2)
1591 creatures vanquished.

Vanquished Creatures (collateral kills)
  An ettin (Vaults:2)
  An entropy weaver (Spider:4)
  2 fauns (Shoals:1)
  A gargoyle (Volcano)
  A yaktaur (Vaults:3)
  4 jumping spiders
  A merfolk (Shoals:1)
  A redback (Spider:4)
  A fungus (Lair:8)
13 creatures vanquished.

Vanquished Creatures (others)
  A dancing weapon (D:15)
  A water nymph (Shoals:3)
  A redback (Spider:4)
  24 fungi
  14 plants
  3 spectral weapons
44 creatures vanquished.

Grand Total: 1648 creatures vanquished

Notes
Turn   | Place    | Note
--------------------------------------------------------------
     0 | D:1      | Gorice the Spriggan Wanderer began the quest for the Orb.
     0 | D:1      | Gorice set off with: a wand of confusion (15), a +0 quarterstaff, a potion of lignification {!q}, a +0 robe, a +0 dagger, a bread ration {!e}
     0 | D:1      | Reached XP level 1. HP: 10/10 MP: 3/3
   350 | D:1      | Reached XP level 2. HP: 8/15 MP: 5/5
   596 | D:1      | HP: 4/15 [gnoll/club (9)]
   631 | D:1      | Reached skill level 2 in Fighting
   631 | D:1      | Reached skill level 1 in Staves
  1456 | D:1      | Reached XP level 3. HP: 14/18 MP: 6/6
  2029 | D:2      | Found a stormy altar of Qazlal.
  2243 | D:2      | Found a shimmering altar of Xom.
  2331 | D:2      | Reached skill level 2 in Staves
  2454 | D:2      | Reached XP level 4. HP: 23/23 MP: 7/7
  3059 | D:3      | Found a snail-covered altar of Cheibriados.
  3084 | D:3      | Noticed a giant frog
  3124 | D:3      | Killed a giant frog
  3124 | D:3      | Reached XP level 5. HP: 28/28 MP: 8/8
  3180 | D:3      | Found a glowing golden altar of the Shining One.
  3431 | D:3      | Reached skill level 3 in Staves
  3614 | D:3      | Reached skill level 3 in Fighting
  3624 | D:3      | Noticed Terence
  3663 | D:3      | Killed Terence
  3731 | D:3      | Found a radiant altar of Vehumet.
  3748 | D:3      | Noticed Ijyb
  3757 | D:3      | Killed Ijyb
  4111 | D:3      | Reached XP level 6. HP: 32/32 MP: 9/9
  4150 | D:3      | Upgraded the game from 0.17-a0-1731-g129c023 to 0.17-a0-1738-g82cdc46
  4246 | D:4      | Found a glowing silver altar of Zin.
  4259 | D:4      | Found Dymao's Antique Armour Shoppe.
  4422 | D:4      | Bought a glowing robe for 17 gold pieces
  4437 | D:4      | Found Siamot's Antique Weapon Shoppe.
  4458 | D:4      | Reached skill level 4 in Staves
  4661 | D:4      | HP: 8/32 [worm (10)]
  5049 | D:4      | Found Yshriasmo's Armour Shoppe.
  5111 | D:4      | Found Nimoxicw's Antique Weapon Emporium.
  5207 | D:4      | Got a bound bone ring
  5209 | D:4      | Identified the ring of Crawling {rElec Str+3} (You found it on level 4 of the Dungeon)
  5256 | D:4      | Reached XP level 7. HP: 37/37 MP: 10/10
  5509 | D:4      | Found Ipukkeu's Book Boutique.
  5594 | D:5      | Entered Level 5 of the Dungeon
  5615 | D:5      | Reached skill level 4 in Fighting
  5654 | D:5      | Reached skill level 5 in Staves
  5850 | D:5      | Found a basalt altar of Yredelemnul.
  6022 | D:5      | Found a shadowy altar of Dithmenos.
  6316 | D:5      | Noticed Crazy Yiuf
  6331 | D:5      | Killed Crazy Yiuf
  6550 | D:6      | Found a deep blue altar of Sif Muna.
  6580 | D:6      | Found a staircase to the Ecumenical Temple.
  6603 | Temple   | Entered the Ecumenical Temple
  6703 | D:6      | Reached XP level 8. HP: 39/42 MP: 11/11
  7159 | D:6      | Reached skill level 5 in Fighting
  7159 | D:6      | Reached skill level 6 in Staves
  8179 | D:7      | Reached skill level 7 in Staves
  8185 | D:7      | Reached skill level 6 in Fighting
  8185 | D:7      | Reached XP level 9. HP: 30/48 MP: 12/12
  8528 | D:8      | Found a burning altar of Makhleb.
  8542 | D:8      | Found Ziempax's Antique Armour Shoppe.
  8590 | D:8      | Bought a runed robe for 14 gold pieces
  8601 | D:8      | --wow +2 robe of resistance for $14!
  8942 | D:8      | Found Liggot Venti's Book Shop.
  9063 | D:8      | Reached skill level 8 in Staves
  9341 | D:8      | Found a shattered altar of Ashenzari.
  9547 | D:8      | Found Kocwuthu's Food Shoppe.
  9931 | D:9      | Found an opulent altar of Gozag.
 10084 | D:9      | Found an ancient bone altar of Kikubaaqudgha.
 10345 | D:9      | Reached skill level 7 in Fighting
 10430 | D:9      | Found a flagged portal.
 10592 | Bailey   | Entered a bailey
 10926 | Bailey   | Noticed an orc knight
 11002 | Bailey   | Killed an orc knight
 11002 | Bailey   | Reached skill level 9 in Staves
 11002 | Bailey   | Reached XP level 10. HP: 50/55 MP: 13/13
 11096 | Bailey   | Noticed an orc knight
 11164 | Bailey   | Killed an orc knight
 11278 | Bailey   | Got a crude spear
 11616 | D:9      | Gained mutation: You are partially covered in rough black scales (AC +4, Dex -1). [potion of beneficial mutation]
 11934 | D:10     | Entered Level 10 of the Dungeon
 11935 | D:10     | Found a staircase to the Lair.
 12262 | D:10     | Reached skill level 8 in Fighting
 12491 | D:10     | Reached skill level 10 in Staves
 12511 | D:10     | Got a bloodstained blowgun
 12512 | D:10     | Identified the +6 blowgun "Icraene" {evade, MP+9 Stlth+} (You found it on level 10 of the Dungeon)
 12628 | Lair:1   | Entered Level 1 of the Lair of Beasts
 12686 | Lair:1   | Noticed a four-headed hydra
 12758 | Lair:1   | Noticed a five-headed hydra
 13187 | Lair:1   | Noticed a seven-headed hydra
 13305 | Lair:1   | Found a labyrinth entrance.
 13314 | Lab      | Entered a labyrinth
 13448 | Lab      | Noticed a minotaur
 13544 | Lab      | Killed a minotaur
 13544 | Lab      | Reached XP level 11. HP: 60/60 MP: 14/14
 13603 | Lab      | Identified Ponoof's Disquisition on Glacial Flight
 13607 | Lab      | Got a translucent shortbow
 13634 | Lab      | Identified the cursed +1 shortbow of Causality {flame, *Drain rC++ MR+ MP+9} (You found it in a labyrinth)
 13686 | Lair:1   | HP: 15/60 [yak (10)]
 13937 | Lair:1   | Noticed Urug
 14009 | D:10     | Reached skill level 1 in Dodging
 14644 | D:10     | Reached skill level 2 in Dodging
 14706 | D:10     | Noticed a hill giant
 14750 | D:10     | Killed a hill giant
 14750 | D:10     | Reached skill level 3 in Dodging
 15106 | Lair:1   | Reached skill level 9 in Fighting
 15247 | Lair:1   | Reached skill level 4 in Dodging
 15423 | Lair:1   | Reached skill level 11 in Staves
 15901 | D:11     | Reached skill level 5 in Dodging
 16400 | D:11     | Reached skill level 6 in Dodging
 16788 | D:11     | Noticed an unseen horror
 16798 | D:11     | Killed an unseen horror
 17027 | D:11     | Noticed an unseen horror
 17079 | D:11     | Reached skill level 7 in Dodging
 17142 | D:11     | Killed an unseen horror
 17317 | D:11     | Noticed a hill giant
 17363 | D:11     | Killed a hill giant
 17363 | D:11     | Reached XP level 12. HP: 67/67 MP: 15/15
 17411 | D:11     | Reached skill level 8 in Dodging
 17609 | D:11     | Noticed a hill giant
 17651 | D:11     | Killed a hill giant
 17651 | D:11     | Reached skill level 10 in Fighting
 18194 | D:12     | HP: 11/67 [wolf spider zombie (12)]
 18601 | D:12     | Found a staircase to the Orcish Mines.
 19027 | D:12     | Reached skill level 9 in Dodging
 19882 | D:12     | Identified a +0 rod of the swarm (6/14) {!a} (You took it off a hill giant on level 12 of the Dungeon)
 20153 | D:12     | Reached skill level 10 in Dodging
 20736 | Orc:1    | Entered Level 1 of the Orcish Mines
 20758 | Orc:1    | Noticed Nergalle
 21014 | D:12     | Killed Nergalle
 22053 | Orc:1    | HP: 10/69 [orc warrior/hand axe (16)]
 22592 | Orc:1    | Reached skill level 12 in Staves
 22736 | Orc:2    | Reached skill level 11 in Dodging
 22979 | Orc:2    | Found a dark tunnel.
 22992 | Volcano  | Entered a volcano
 23146 | Volcano  | HP: 20/69 [gargoyle/stone arrow (17)]
 23984 | D:4      | Bought a manual of Hexes for 1104 gold pieces
 23984 | D:4      | Bought a book of Maledictions for 250 gold pieces
 23987 | D:4      | Learned a level 2 spell: Ensorcelled Hibernation
 24214 | D:11     | Reached skill level 1 in Hexes
 24219 | D:11     | Learned a level 3 spell: Confuse
 24369 | D:12     | Reached skill level 1 in Spellcasting
 24430 | Orc:3    | Reached skill level 2 in Hexes
 24678 | Orc:3    | Reached XP level 13. HP: 68/73 MP: 16/16
 24728 | Orc:3    | Noticed Maud
 24855 | Orc:3    | Killed Maud
 24855 | Orc:3    | Reached skill level 2 in Spellcasting
 24855 | Orc:3    | Reached skill level 3 in Hexes
 25190 | Orc:3    | HP: 15/73 [orc/hand axe (9)]
 25654 | Orc:3    | Reached skill level 4 in Hexes
 25949 | D:11     | Reached skill level 12 in Dodging
 25960 | D:12     | Reached skill level 3 in Spellcasting
 26121 | D:6      | Became a worshipper of Sif Muna the Loreminder
 26220 | Lair:1   | Killed a five-headed hydra
 26286 | Lair:1   | Killed a four-headed hydra
 26286 | Lair:1   | Reached skill level 5 in Hexes
 26427 | Lair:1   | Reached skill level 4 in Spellcasting
 26671 | Lair:1   | Killed Urug
 26744 | Lair:2   | Reached skill level 6 in Hexes
 26806 | Lair:2   | Acquired Sif Muna's first power
 27418 | Lair:2   | Reached skill level 7 in Hexes
 27430 | Lair:2   | Reached skill level 5 in Spellcasting
 27566 | Lair:2   | Reached skill level 13 in Dodging
 27718 | Lair:2   | Reached skill level 8 in Hexes
 27734 | Lair:2   | Acquired Sif Muna's second power
 28196 | Lair:2   | Reached skill level 6 in Spellcasting
 28940 | Lair:3   | Reached skill level 9 in Hexes
 29998 | Lair:5   | Reached skill level 7 in Spellcasting
 30123 | Lair:5   | Reached skill level 10 in Hexes
 30461 | Lair:5   | Reached skill level 14 in Dodging
 30881 | Lair:5   | Reached XP level 14. HP: 77/77 MP: 9/26
 31071 | Lair:5   | Reached skill level 8 in Spellcasting
 31071 | Lair:5   | Reached skill level 11 in Hexes
 31366 | Lair:5   | Found a hole to the Spider Nest.
 31611 | Lair:5   | Found a staircase to the Shoals.
 31652 | Lair:5   | Acquired Sif Muna's third power
 31867 | Lair:6   | Found a staircase to the Slime Pits.
 32359 | Lair:1   | Killed a seven-headed hydra
 32359 | Lair:1   | Reached skill level 12 in Hexes
 32773 | Lair:7   | Reached skill level 15 in Dodging
 32817 | Lair:7   | Reached skill level 9 in Spellcasting
 33350 | Lair:7   | Reached skill level 13 in Hexes
 34166 | Lair:7   | Reached skill level 14 in Hexes
 34235 | Lair:7   | Received a gift from Sif Muna
 34242 | Lair:7   | Learned a level 4 spell: Cause Fear
 34417 | Lair:7   | Reached skill level 10 in Spellcasting
 34936 | Lair:8   | Entered Level 8 of the Lair of Beasts
 34966 | Lair:8   | Reached skill level 15 in Hexes
 36366 | Lair:7   | Reached skill level 11 in Spellcasting
 36638 | Lair:8   | Reached skill level 16 in Hexes
 36873 | Lair:8   | Received a gift from Sif Muna
 37026 | Lair:7   | Reached XP level 15. HP: 81/81 MP: 10/31
 37140 | Lair:8   | Upgraded the game from 0.17-a0-1738-g82cdc46 to 0.17-a0-1741-gd5e8965
 37253 | Lair:8   | Identified the Volume of Assistive Malediction
 37257 | Lair:8   | Learned a level 2 spell: Repel Missiles
 37634 | Lair:1   | Identified a scroll of acquirement
 37790 | Orc:4    | Entered Level 4 of the Orcish Mines
 37967 | Orc:4    | Found Jamushryf's Food Shoppe.
 38190 | Orc:4    | Found Opak's General Store.
 38460 | Orc:4    | Bought a bread ration for 65 gold pieces
 38460 | Orc:4    | Bought a bread ration for 65 gold pieces
 38460 | Orc:4    | Bought a bread ration for 65 gold pieces
 38462 | Orc:4    | Bought a scroll of holy word for 97 gold pieces
 38583 | Orc:4    | Noticed Sonja
 38616 | Orc:4    | Killed Sonja
 38682 | Orc:4    | Noticed Donald
 38738 | Orc:3    | Killed Donald
 38988 | Orc:4    | Found a staircase to the Elven Halls.
 39194 | Orc:4    | Reached skill level 12 in Spellcasting
 39883 | Orc:4    | Found Naotat's Gadget Boutique.
 39883 | Orc:4    | Found Jenudou's Antique Armour Shop.
 39883 | Orc:4    | Found a one-way gate leading to the halls of Pandemonium.
 40249 | Orc:4    | Bought a creamy pearl robe for 171 gold pieces
 40249 | Orc:4    | Bought a smoking robe for 171 gold pieces
 40280 | Orc:4    | Identified the +2 robe of the Spheres {rF+} (You bought it in a shop on level 4 of the Orcish Mines)
 40290 | Orc:4    | Identified the +1 robe "Uphef" {rC+ Int+4 Stlth+} (You bought it in a shop on level 4 of the Orcish Mines)
 40522 | Lair:1   | Learned a level 3 spell: Tukima's Dance
 41096 | D:11     | Reached skill level 13 in Spellcasting
 41543 | D:13     | Noticed PeterLawrence's ghost (powerful MiFi)
 41579 | D:13     | Killed PeterLawrence's ghost
 42113 | D:13     | Reached skill level 13 in Staves
 42288 | D:13     | Found a gate to the Vaults.
 42452 | D:14     | Found an ancient bone altar of Kikubaaqudgha.
 42600 | D:14     | Reached skill level 14 in Spellcasting
 43115 | D:14     | Reached XP level 16. HP: 86/86 MP: 24/35
 43358 | D:14     | Received a gift from Sif Muna
 43386 | D:14     | Identified Jofobbit's Grimoire of Hexes and Unholy Magic (Sif Muna gifted it to you on level 14 of the Dungeon)
 43391 | D:14     | Learned a level 3 spell: Spectral Weapon
 43772 | D:15     | Entered Level 15 of the Dungeon
 44014 | D:15     | Found a deep blue altar of Sif Muna.
 44015 | D:15     | Found a glowing silver altar of Zin.
 44016 | D:15     | Found a basalt altar of Yredelemnul.
 44224 | D:15     | Reached skill level 15 in Spellcasting
 44272 | D:15     | Found a staircase to the Depths.
 45042 | D:15     | Reached skill level 14 in Staves
 45239 | D:15     | Reached skill level 11 in Fighting
 45297 | D:15     | Got an ancient bronze ring
 45305 | D:15     | Got a fine lapis lazuli ring
 45494 | D:15     | Identified the ring "Luofus" {rPois rF+ Int-3 Dex+3} (You took it off a yaktaur on level 15 of the Dungeon)
 45496 | D:15     | Identified the cursed ring of Pride {*Corrode rN+ Int+9 Dex-4} (You found it on level 15 of the Dungeon)
 45684 | D:15     | Reached skill level 16 in Spellcasting
 45688 | D:15     | HP: 20/87 [glaive of protection (14)]
 46688 | Lair:1   | Learned a level 2 spell: Cure Poison
 46761 | Spider:1 | Entered Level 1 of the Spider Nest
 47021 | Spider:1 | Found a frozen archway.
 47027 | IceCv    | Entered an ice cave
 47975 | IceCv    | Received a gift from Sif Muna
 47986 | IceCv    | Reached XP level 17. HP: 77/93 MP: 25/38
 48146 | IceCv    | Identified the Handbook of Helpful Execration
 48379 | Spider:1 | Reached skill level 17 in Spellcasting
 48730 | Spider:1 | Reached skill level 12 in Fighting
 49617 | Spider:2 | Noticed Aizul
 49697 | Spider:2 | Killed Aizul
 50066 | Spider:3 | Learned a level 2 spell: Blink
 50096 | Spider:3 | Learned a level 3 spell: Conjure Flame
 50322 | Spider:3 | Reached skill level 17 in Hexes
 51117 | Spider:4 | Entered Level 4 of the Spider Nest
 51359 | Spider:4 | HP: 20/94 [hornet (13)]
 51367 | Spider:4 | HP: 24/94 [redback (7)]
 51969 | Spider:4 | Reached skill level 13 in Fighting
 52811 | Spider:4 | Reached skill level 18 in Hexes
 53434 | Spider:3 | Received a gift from Sif Muna
 53435 | Spider:3 | Identified Edegaax's Tome of Ghastly Enhancements (Sif Muna gifted it to you on level 3 of the Spider Nest)
 53879 | Spider:4 | Got a gossamer rune of Zot
 53920 | Spider:4 | Reached XP level 18. HP: 100/100 MP: 32/40
 54538 | Shoals:1 | Entered Level 1 of the Shoals
 56133 | Shoals:2 | Reached skill level 14 in Fighting
 56305 | Shoals:2 | HP: 18/102 [water nymph/the raging water (25)]
 56325 | Shoals:2 | Reached skill level 19 in Hexes
 57126 | Shoals:2 | HP: 21/102 [water nymph/the raging water (12)]
 57612 | Vaults:1 | Entered Level 1 of the Vaults
 57644 | Vaults:1 | Reached skill level 1 in Charms
 57863 | Vaults:1 | Reached skill level 2 in Charms
 57977 | Vaults:1 | Reached skill level 3 in Charms
 58250 | Vaults:1 | Reached skill level 4 in Charms
 58994 | Vaults:1 | Found Leid's Antique Weapon Shoppe.
 59010 | Vaults:1 | Reached skill level 5 in Charms
 59133 | Vaults:1 | Received a gift from Sif Muna
 59134 | Vaults:1 | Identified Jugg's Disquisition on Companions (Sif Muna gifted it to you on level 1 of the Vaults)
 59622 | Vaults:1 | Learned a level 1 spell: Summon Butterflies
 60270 | Vaults:2 | Reached skill level 20 in Hexes
 60397 | Vaults:2 | Reached XP level 19. HP: 91/107 MP: 1/41
 60430 | Vaults:2 | Reached skill level 15 in Fighting
 60618 | Vaults:2 | HP: 31/108 [battlesphere[a tengu reaver] (16)]
 60811 | Vaults:2 | Reached skill level 1 in Translocations
 60873 | Vaults:2 | Reached skill level 2 in Translocations
 61163 | Vaults:2 | Reached skill level 3 in Translocations
 61335 | Vaults:2 | Reached skill level 4 in Translocations
 61600 | Vaults:2 | Received a gift from Sif Muna
 61600 | Vaults:2 | Reached skill level 5 in Translocations
 61601 | Vaults:2 | Identified Sif Muna's Papyrus of Burning Protection (Sif Muna gifted it to you on level 2 of the Vaults)
 61965 | Vaults:2 | Found Fedusmekh's Book Shop.
 62086 | Vaults:2 | Upgraded the game from 0.17-a0-1741-gd5e8965 to 0.17-a0-1748-g222fba8
 62086 | Vaults:2 | Bought a book of Enchantments for 900 gold pieces
 62106 | Vaults:2 | Learned a level 6 spell: Haste
 62335 | Vaults:2 | Noticed Alipheese's ghost (mighty NaTm)
 62369 | Vaults:2 | Reached skill level 6 in Translocations
 62786 | Lair:1   | Learned a level 5 spell: Phase Shift
 62792 | Lair:1   | Learned a level 5 spell: Silence
 62799 | Lair:1   | Learned a level 6 spell: Darkness
 63019 | Vaults:3 | Reached skill level 7 in Translocations
 63050 | Vaults:3 | HP: 32/108 [vault warden/broad axe of electrocution (7)]
 63052 | Vaults:3 | HP: 4/108 [vault warden/broad axe of electrocution (13)]
 63055 | Vaults:3 | Slain by a vault warden

Vault maps used:
D:1:      dpeg_arrival_rooms_with_view
D:2:      lemuel_doored_altar, grunt_qazlal_clouds, minmay_misc_feat_alley,
          st_stairs_4
D:3:      lemuel_coloured_pillars_altar, vehumet_crystals, tso_metal_star,
          uniq_iyjb, uniq_terence
D:4:      black_bear_nest_1, old_standard_altar, first_bread, serial_shops,
          kennysheep_mini_moat, shop, nicolae_shop_behind_doors,
          nicolae_shop_waterfront, shop
D:5:      nicolae_overflow_hidden_temple, lemuel_crystal_altar,
          uniq_crazy_yiuf_cottage
D:6:      lemuel_round_altar, minmay_temple_entry_statues_pillars
D:7:      minivault_1, grunt_livestock
D:8:      old_standard_altar, lemuel_round_altar, serial_shops, shop,
          nicolae_shop_waterfront, kennysheep_mini
D:9:      nicolae_gozag_cash_rules_everything_around_me, basic_altar,
          enter_bailey_2, serial_bayou_lagoon_a, minmay_fire_ice_demons
D:10:     lair_0_dummy
D:11:     minmay_gold_behind_fungi
D:12:     orc_0_dummy, serial_co_window_serial, co_window_of_opportunity_a,
          co_window_paths_a, co_window_paths_a, co_window_paths_a,
          co_window_cross_1, co_window_of_opportunity_a, co_window_paths_a,
          co_window_unsneaky_path_a, co_window_unsneaky_path_a,
          co_window_unsneaky_path_a, co_window_cross_2, co_window_2corner,
          co_window_broadway_b, glass_columns_a, glass_columns_b,
          glass_columns_c, lightli_swarmer
D:13:     grunt_vaults_entry_fortified
D:14:     kennysheep_nub, lemuel_mausoleum_altar_kikubaaqudgha
D:15:     hangedman_slaughterboxes
Temple:   jpeg_temple_alley_garden_8
Lair:1:   lab_entry_generic, uniq_urug
Lair:2:   beast_lair_carwin_large_4, minmay_another_anthill
Lair:3:   grunt_megastairs_2
Lair:4:   infiniplex_staircase_pool
Lair:5:   elwin_shoals_entry_rooms, spider_nest_entry_funnel_web
Lair:6:   slime_dummy, minivault_19
Lair:7:   boulder_dual_corridor_run
Lair:8:   evilmike_catoblepas_cave, lemuel_fruit_fields, lemuel_fruit_tree,
          infiniplex_staircase_pool_2
Shoals:3: hangedman_shoal_octodias
Spider:1: portal_ice_cave_entry_pillars_03
Spider:2: uniq_aizul
Spider:4: grunt_spider_rune_parallel
Orc:1:    uniq_nergalle
Orc:2:    nicolae_volcano_entry_two_sided
Orc:3:    nicolae_orc_pool_cavern, uniq_maud
Orc:4:    pf_orc_diabolical, uniq_donald, uniq_sonja
Vaults:1: hangedman_vaults_impose, v_alt_pattern_5, ontoclasm_vaults_ring_small,
          v_misc_29, v_alt_pattern_2, hangedman_vaults_variations, v_pattern_4,
          ontoclasm_vaults_shuriken, dpeg_vaults_monster_box,
          nicolae_vaults_little_squares_6, ontoclasm_vaults_twist,
          vaults_dpeg_encased_lava, ontoclasm_vaults_hangar, serial_shops, shop
Vaults:2: st_quartered_hall, nicolae_vaults_hallways_thing,
          ontoclasm_vaults_ligature, hangedman_vaults_hat,
          nicolae_vaults_windows_and_doors_thing, ontoclasm_vaults_ring_large,
          vaults_room_stairs_pillars, vaults_mumra_minichess,
          hangedman_vaults_slice, ontoclasm_vaults_gateway, serial_shops, shop
Vaults:3: nicolae_vaults_disjoint_gnomons, minmay_crypt_entry_necro_gods,
          v_misc_16, vaults_room_glass_cross, vaults_room_door_hall,
          hangedman_vaults_stream, v_misc_13, vaults_dpeg_doors,
          grunt_vaults_hallway_long, vaults_room_hallway, vaults_room_pool,
          ontoclasm_vaults_chip, vaults_room_pools, vaults_dpeg_ring,
          serial_shops, nicolae_shop_stone, shop, nicolae_shop_behind_doors,
          shop, nicolae_shop_stone, uniq_sojobo
Lab:      nicolae_lab_dead_adventurers, labyrinth_skeletal_remains,
          nicolae_lab_stuck, nicolae_lab_hexagon
Bailey:   bailey_polearm_1, bailey
IceCv:    ice_cave_caverns_01
Volcano:  volcano_pools

Action                   |  1- 3 |  4- 6 |  7- 9 | 10-12 | 13-15 | 16-18 | 19-21 || total
-------------------------+-------+-------+-------+-------+-------+-------+-------++-------
Melee: Quarterstaff      |    88 |    87 |   362 |   922 |  1644 |    15 |       ||  3118
       Unarmed           |     1 |       |       |       |       |       |       ||     1
       Dagger            |       |       |       |     6 |       |       |       ||     6
       Lajatang          |       |       |       |       |   790 |  2009 |   204 ||  3003
 Fire: Blowgun           |    10 |    43 |    58 |   284 |    97 |       |       ||   492
Throw: Stone             |    85 |    38 |    95 |    12 |       |       |       ||   230
       Tomahawk          |       |       |       |    88 |    18 |     4 |       ||   110
 Cast: Confuse           |       |       |       |       |   425 |   656 |   113 ||  1194
       Ensorcelled Hiber |       |       |       |       |    67 |       |       ||    67
       Repel Missiles    |       |       |       |       |     3 |     4 |     3 ||    10
       Tukima's Dance    |       |       |       |       |       |     9 |     4 ||    13
       Cause Fear        |       |       |       |       |       |     5 |     1 ||     6
       Cure Poison       |       |       |       |       |       |     8 |       ||     8
       Spectral Weapon   |       |       |       |       |       |    34 |    23 ||    57
 Abil: Evoke Invisibilit |       |       |       |     2 |       |       |       ||     2
Evoke: Wand              |     1 |       |    30 |    35 |       |     1 |       ||    67
       Rod               |       |       |       |     5 |     2 |     2 |     2 ||    11
       Lamp of fire      |       |       |       |       |       |     1 |       ||     1
  Use: Scroll            |     3 |     6 |    11 |     9 |    15 |     7 |       ||    51
       Potion            |       |       |     1 |     4 |       |     5 |     1 ||    11
 Stab: Sleeping          |     2 |    10 |    16 |    27 |    64 |    28 |     6 ||   153
       Confused          |     1 |       |    14 |     2 |   300 |   375 |    34 ||   726
       Distracted        |       |       |     5 |    11 |     9 |     6 |     1 ||    32
       Paralysed         |       |       |     1 |       |       |     3 |       ||     4
       Petrifying        |       |       |     1 |       |       |       |       ||     1
       Invisible         |       |       |       |     5 |       |       |       ||     5
       Held in net/web   |       |       |       |       |       |     1 |       ||     1
  Eat: Pizza             |       |     1 |     3 |     8 |       |       |       ||    12
       Royal jelly       |       |       |     1 |     1 |       |       |       ||     2
       Bread ration      |       |       |       |       |     5 |     4 |       ||     9
       Fruit             |       |       |       |       |     3 |     6 |       ||     9

Table legend:
 A = Turns spent in this place as a percentage of turns spent in the entire game.
 B = Non-inter-level travel turns spent in this place as a percentage of non-inter-level travel turns spent in the entire game.
 C = Inter-level travel turns spent in this place as a percentage of turns spent in this place.
 D = Turns resting spent in this place as a percentage of non-inter-level travel turns spent in this place.
 E = Turns spent auto-exploring this place as a percentage of non-inter-level travel turns spent in this place.
 F = Non-inter-level travel turns spent in this place divided by the number of levels of this place that you've seen.
                   A       B       C       D       E      F
               +-------+-------+-------+-------+-------+----------------------
         Total | 100.0 | 100.0 |   0.4 |   1.7 |   1.9 | 811.5
       Dungeon |  38.8 |  38.8 |   0.4 |   1.6 |   2.3 | 880.9
        Temple |   0.2 |   0.2 |   0.0 |   0.0 |   0.0 |  84.0
          Lair |  24.2 |  24.2 |   0.5 |   1.3 |   1.7 | 1030.2
        Shoals |   4.4 |   4.4 |   0.3 |   1.5 |   2.6 | 495.7
   Spider Nest |   8.9 |   8.9 |   0.5 |   1.6 |   2.1 | 761.0
  Orcish Mines |  11.2 |  11.2 |   0.3 |   2.2 |   1.1 | 955.5
        Vaults |   6.7 |   6.7 |   0.3 |   2.2 |   2.7 | 763.3
     Labyrinth |   0.8 |   0.8 |   0.0 |   2.7 |   0.0 | 261.0
        Bailey |   1.5 |   1.5 |   0.0 |   1.9 |   0.2 | 523.0
      Ice Cave |   2.5 |   2.5 |   0.0 |   4.6 |   0.8 | 848.0
       Volcano |   0.8 |   0.8 |   0.0 |   0.7 |   0.0 | 269.0
               +-------+-------+-------+-------+-------+----------------------

Vault maps used:
D:1:      dpeg_arrival_rooms_with_view
D:2:      lemuel_doored_altar, grunt_qazlal_clouds, minmay_misc_feat_alley,
          st_stairs_4
D:3:      lemuel_coloured_pillars_altar, vehumet_crystals, tso_metal_star,
          uniq_iyjb, uniq_terence
D:4:      black_bear_nest_1, old_standard_altar, first_bread, serial_shops,
          kennysheep_mini_moat, shop, nicolae_shop_behind_doors,
          nicolae_shop_waterfront, shop
D:5:      nicolae_overflow_hidden_temple, lemuel_crystal_altar,
          uniq_crazy_yiuf_cottage
D:6:      lemuel_round_altar, minmay_temple_entry_statues_pillars
D:7:      minivault_1, grunt_livestock
D:8:      old_standard_altar, lemuel_round_altar, serial_shops, shop,
          nicolae_shop_waterfront, kennysheep_mini
D:9:      nicolae_gozag_cash_rules_everything_around_me, basic_altar,
          enter_bailey_2, serial_bayou_lagoon_a, minmay_fire_ice_demons
D:10:     lair_0_dummy
D:11:     minmay_gold_behind_fungi
D:12:     orc_0_dummy, serial_co_window_serial, co_window_of_opportunity_a,
          co_window_paths_a, co_window_paths_a, co_window_paths_a,
          co_window_cross_1, co_window_of_opportunity_a, co_window_paths_a,
          co_window_unsneaky_path_a, co_window_unsneaky_path_a,
          co_window_unsneaky_path_a, co_window_cross_2, co_window_2corner,
          co_window_broadway_b, glass_columns_a, glass_columns_b,
          glass_columns_c, lightli_swarmer
D:13:     grunt_vaults_entry_fortified
D:14:     kennysheep_nub, lemuel_mausoleum_altar_kikubaaqudgha
D:15:     hangedman_slaughterboxes
Temple:   jpeg_temple_alley_garden_8
Lair:1:   lab_entry_generic, uniq_urug
Lair:2:   beast_lair_carwin_large_4, minmay_another_anthill
Lair:3:   grunt_megastairs_2
Lair:4:   infiniplex_staircase_pool
Lair:5:   elwin_shoals_entry_rooms, spider_nest_entry_funnel_web
Lair:6:   slime_dummy, minivault_19
Lair:7:   boulder_dual_corridor_run
Lair:8:   evilmike_catoblepas_cave, lemuel_fruit_fields, lemuel_fruit_tree,
          infiniplex_staircase_pool_2
Shoals:3: hangedman_shoal_octodias
Spider:1: portal_ice_cave_entry_pillars_03
Spider:2: uniq_aizul
Spider:4: grunt_spider_rune_parallel
Orc:1:    uniq_nergalle
Orc:2:    nicolae_volcano_entry_two_sided
Orc:3:    nicolae_orc_pool_cavern, uniq_maud
Orc:4:    pf_orc_diabolical, uniq_donald, uniq_sonja
Vaults:1: hangedman_vaults_impose, v_alt_pattern_5, ontoclasm_vaults_ring_small,
          v_misc_29, v_alt_pattern_2, hangedman_vaults_variations, v_pattern_4,
          ontoclasm_vaults_shuriken, dpeg_vaults_monster_box,
          nicolae_vaults_little_squares_6, ontoclasm_vaults_twist,
          vaults_dpeg_encased_lava, ontoclasm_vaults_hangar, serial_shops, shop
Vaults:2: st_quartered_hall, nicolae_vaults_hallways_thing,
          ontoclasm_vaults_ligature, hangedman_vaults_hat,
          nicolae_vaults_windows_and_doors_thing, ontoclasm_vaults_ring_large,
          vaults_room_stairs_pillars, vaults_mumra_minichess,
          hangedman_vaults_slice, ontoclasm_vaults_gateway, serial_shops, shop
Vaults:3: nicolae_vaults_disjoint_gnomons, minmay_crypt_entry_necro_gods,
          v_misc_16, vaults_room_glass_cross, vaults_room_door_hall,
          hangedman_vaults_stream, v_misc_13, vaults_dpeg_doors,
          grunt_vaults_hallway_long, vaults_room_hallway, vaults_room_pool,
          ontoclasm_vaults_chip, vaults_room_pools, vaults_dpeg_ring,
          serial_shops, nicolae_shop_stone, shop, nicolae_shop_behind_doors,
          shop, nicolae_shop_stone, uniq_sojobo
Lab:      nicolae_lab_dead_adventurers, labyrinth_skeletal_remains,
          nicolae_lab_stuck, nicolae_lab_hexagon
Bailey:   bailey_polearm_1, bailey
IceCv:    ice_cave_caverns_01
Volcano:  volcano_pools
